Description

Vibe B2GM Terran 9:30 Max

Vibe B2GM Terran - Constant SCV Production till 82. - Add on Unit Production when all production is being used. - Constant Command Centre Production - First 3 CC are Orbitals, 4+ are Planetary Fortress. - Once you have half the map. Find space for Mass Orbitals CC.

Max out should occur between 9:30-10:30. Periodic scans (after 4m) of opponent to see techpath /units and alter unit mix accordingly.

Replay - Deathaura LE (62)

Build Order

Get SALT Encoding   

  12  0:00  SCV  
  13  0:12  SCV  
  14  0:17  Supply Depot  
  14  0:24  SCV  
  15  0:38  SCV  Send to opponent minerals
  15  0:40  Barracks  
  16  0:45  Refinery  
  16  0:50  SCV  
  17  1:03  SCV  
  18  1:15  SCV  
  19  1:27  Orbital Command  
  19  1:39  Command Center  
  19  1:48  Factory  
  19  1:53  SCV  
  20  2:01  Supply Depot  
  20  2:08  SCV  
  21  2:10  Barracks Tech Lab  Swap with Factory at completion
  21  2:20  SCV  
  23  2:42  Siege Tank  
  27  2:54  Orbital Command  
  28  3:08  Command Center  
  31  3:27  Siege Tank  
  31  3:30  Refinery  
  38  3:50  Supply Depot  
  38  4:00  Factory  
  42  4:10  Refinery x2  
  42  4:20  Barracks Reactor  Swap with Factory at completion
  44  4:25  Orbital Command  
  44  4:35  Armory, Engineering Bay  Thors after completion in 43s
  46  4:45  Orbital Command, Hellion  
  48  4:47  Supply Depot  
  48  4:51  Command Center  
  50  4:55  Siege Tank  
  55  5:02  Supply Depot  Get ready to start making x2
  58  5:18  Thor  
  58  5:27  Terran Vehicle Weapons Level 1  
  67  5:33  Hellbat x2  
  77  5:55  Hellbat x2  
  84  6:05  Refinery x2, Missile Turret  If needed
  84  6:09  Thor  
  92  6:15  Armory  
  97  6:26  Command Center  Float to 4th and PF
  98  6:34  Factory x4  
  101  6:48  Hellbat x2  
  101  6:52  Thor  
  114  7:04  Terran Vehicle And Ship Armor Level 1  
  119  7:17  Factory Tech Lab x3, Factory Reactor  
  119  7:22  Planetary Fortress  
  121  7:25  Missile Turret  If needed
  123  7:30  Refinery x2  
  127  7:45  Command Center  
  127  7:47  Infernal Pre-Igniter, Neosteel Armor  
  127  7:50  Terran Vehicle Weapons Level 2  
  128  7:55  Thor, Hellbat, Hellion  
  139  8:03  Hellbat x2  
  139  8:04  Thor  
  153  8:13  Planetary Fortress  
  153  8:24  Thor  
  153  8:47  Refinery x2  
  153  8:54  Thor x3  
  177  9:04  Missile Turret  
  177  9:07  Thor  
  187  9:18  Hellion  
  187  9:21  Terran Vehicle Weapons Level 3  
  191  9:36  Command Center  
  197  9:49  Smart Servos  
  200  10:00  Factory x6  
  200  10:05  Terran Vehicle Armor Level 3  Get lvl 3 armor
  200  10:15  Sensor Tower x3  
Spawning Tool Build Advisor. Get it on Overwolf

Go to:

Details

  • Created by: megaaabeard
  • Published on: Aug 06, 2020
  • Modified on: Aug 06, 2020
  • Patch: 4.11.0
  • Difficulty: Easy
Show
View Real Time Build Order
Export as new Build Order

Comments (0)

There are no comments. Be the first!

Create an account to comment!